cohdb
Replays
Latest Replays
All Replays
Popular Replays
Top Player Replays
Match Explorer
How It Works
Community
CoH3 Stats
Reddit
Sign in to upload your games and track your stats! →
Sign in with Steam
Match 42585437
Unlisted
Match 42585437
Overview
Messages
Build Orders
End
Selects Italian Combined Arms Battlegroup
Selects Bersaglieri Squad
Bersaglieri Squad
Kradschützen Motorcycle Team
Bersaglieri Squad
Construct Light Support Kompanie
Bersaglieri Squad
2.5-tonne Medical Truck
Selects Bersaglieri Bolster
Construct Mechanized Kompanie
Marder III Tank Destroyer
Selects Breda Model 30 Light Machine Guns
Kradschützen Motorcycle Team
254 Reconnaissance Tractor
Panzerpioneer Squad
Construct Panzerarmee Kommand
Selects Semovente da 75/18 Assault Gun
Emergency Repair Kits
Panzer III L Medium Tank
Selects Strafing Run
Selects Artillery Cover
Panzer III L Medium Tank
Rapid Advance
Artillery Cover
Panzer III L Medium Tank
Artillery Cover
Vehicle Survival Package
Veteran Squad Leaders
Strafing Run
scorpion
Mustache and Melons
Rhonoir
123456pilatos
0
0
Comments
sign in to comment!
No comments posted yet!